 Dungeon Crawl Stone Soup version 0.23.2 (webtiles) character file.

Game seed: 14392915419900732578

46 Fang the Skirmisher (level 3, -3/36 HPs)
             Began as a Gargoyle Berserker on Apr 9, 2019.
             Was a Follower of Trog.
             Slain by Sigmund
             ... wielding a +0 scythe
              (8 damage)
             ... on level 2 of the Dungeon.
             The game lasted 00:00:45 (1113 turns).

Fang the Skirmisher (Gargoyle Berserker)            Turns: 1113, Time: 00:00:46

Health: -3/36      AC:  5    Str: 26    XL:     3   Next: 66%
Magic:  3/3        EV: 12    Int:  7    God:    Trog [*.....]
Gold:   86         SH:  0    Dex:  9    Spells: 2/2 levels left

rFire    . . .     SeeInvis .   a - +0 hand axe
rCold    . . .     Gourm    .   (no shield)
rNeg     + . .     Faith    .   b - +0 animal skin
rPois    ∞         Spirit   .   (no helmet)
rElec    +         Reflect  .   (no cloak)
rCorr    .         Harm     .   (no gloves)
MR       .....                  (no boots)
Stlth    ..........             (no amulet)
HPRegen  0.12/turn              (no ring)
MPRegen  0.08/turn              (no ring)

@: berserking (expiring), very quick
A: negative energy resistance 1, electricity resistance, unbreathing,
petrification resistance, rot immunity, AC +3
a: Berserk, Renounce Religion


You were on level 2 of the Dungeon.
You worshipped Trog.
Trog was aware of your devotion.
You were not hungry.

You visited 1 branch of the dungeon, and saw 2 of its levels.

You collected 86 gold pieces.

Inventory:

Hand Weapons
 a - a +0 hand axe (weapon)
Armour
 b - a +0 animal skin (worn)
Jewellery
 g - an uncursed amulet of regeneration {unknown}
 l - an uncursed amulet of the acrobat {unknown}
Scrolls
 d - a scroll of teleportation {unknown}
 e - a scroll of identify {unknown}
 i - a scroll of remove curse {unknown}
 k - a scroll of amnesia {unknown}
 m - a scroll of enchant weapon {unknown}
Potions
 f - 2 potions of lignification {unknown}
 h - a potion of agility {unknown}
 j - a potion of berserk rage {unknown}
Comestibles
 c - a ration
 n - a chunk of flesh


   Skills:
 + Level 3.8 Fighting
 + Level 3.0 Axes
 + Level 2.8 Armour
 + Level 2.1 Dodging


You had 2 spell levels left.
You didn't know any spells.
Your spell library was empty.

Dungeon Overview and Level Annotations

Branches:
Dungeon (2/15)

Altars:

Annotations:
D:2 Sigmund


Innate Abilities, Weirdness & Mutations

You are resistant to torment.
Your stone body is resilient. (AC +3)
You are immune to poison.
You resist negative energy. (rN+)
You are resistant to electric shocks. (rElec)
You can survive without breathing.
You are immune to petrification.
You are immune to rotting.


Message History

You kill the goblin!
Trog accepts your kill. The rat bites you. Something hits you.
Found a ration.
You feel a strong urge to attack something.
The rat closely misses you.
Found 15 gold pieces and a fuming inky potion.
You hit something. You closely miss the rat. The rat barely misses you.
Something hits you.
You closely miss something. You barely miss the rat. You miss something.
You barely miss the rat. The rat bites you but does no damage.
Something hits you!
* * * LOW HITPOINT WARNING * * *
You barely miss something. You hit the rat.
You kill the rat!
Trog accepts your kill.
You miss something. Something completely misses you.
You closely miss something. You hit something. Something hits you!
You die...

...#..####÷........#
..###.# ###).....#
...##... #..##.##
...<####.###).##.# #
.....###.......#.#
$.
##....####.###...#
#... ##...#
#.......##...# ###.#
#.###.†.%....# ..#
.......@{....#
.............?...#
.............#....#
.............###..#
..##.........# ..#
..# .........# ..
......%...
.........!


There were no monsters in sight!

Vanquished Creatures
  An adder (D:2)
  2 dart slugs (D:1)
  3 leopard geckos
  4 bats (D:1)
  A giant cockroach (D:1)
  5 goblins
  6 hobgoblins
  3 kobolds
  A rat (D:2)
26 creatures vanquished.

Notes
Turn   | Place    | Note
-------+----------+-------------------------------------------
     0 | D:1      | Fang the Gargoyle Berserker began the quest for the Orb.
     0 | D:1      | Reached XP level 1. HP: 14/14 MP: 1/1
   461 | D:1      | Reached XP level 2. HP: 18/19 MP: 2/2
   771 | D:1      | Reached XP level 3. HP: 22/23 MP: 3/3
  1098 | D:2      | Noticed Sigmund
  1113 | D:2      | Slain by Sigmund

Skill      XL: |  1  2  3 |
---------------+----------+-----
Axes           | 3 |  3.0
Dodging        | 2 |  2.1
Fighting       | |  3.8
Armour         | |  2.8

Action                   || total
-------------------------++-------
Melee: Hand axe          ||    83
Invok: Berserk           ||     2
  Eat: Chunk             ||     2
Armor: Animal skin       ||    31
Dodge: Dodged            ||    63
